 Dungeon Crawl Stone Soup version 0.25-a0-577-ga4619f409e (webtiles) character file.

Game seed: 14727705143329594888, levelgen mode: deterministic

1344 Flugslaktarn the Chopper (level 8, -3/70 HPs)
             Began as a Minotaur Fighter on Mar 2, 2020.
             Was a Follower of Makhleb.
             Killed by divine providence
             ... invoked by an orc priest
              (11 damage)
             ... on level 7 of the Dungeon.
             The game lasted 00:01:57 (3948 turns).

Flugslaktarn the Chopper (Minotaur Fighter)         Turns: 3948, Time: 00:01:58

Health: -3/70      AC: 11    Str: 25    XL:     8   Next: 36%
Magic:  8/8        EV:  6    Int:  5    God:    Makhleb [*.....]
Gold:   197        SH: 11    Dex: 11    Spells: 7/7 levels left

rFire    . . .     SeeInvis .   a - +0 war axe
rCold    . . .     Gourm    .   c - +0 kite shield
rNeg     . . .     Faith    .   l - +0 chain mail
rPois    .         Spirit   .   (helmet restricted)
rElec    .         Reflect  .   (no cloak)
rCorr    .         Harm     .   (no gloves)
MR       .....                  j - +0 pair of boots
Stlth    ..........             (no amulet)
HPRegen  0.21/turn              n - +3 ring of strength
MPRegen  0.11/turn              (no ring)

@: mesmerised
A: retaliatory headbutt, horns 2
a: Renounce Religion


You were on level 7 of the Dungeon.
You worshipped Makhleb.
Makhleb was aware of your devotion.
You were hungry.

You visited 2 branches of the dungeon, and saw 8 of its levels.

You collected 197 gold pieces.

Inventory:

Hand Weapons
 a - a +0 war axe (weapon)
Armour
 c - a +0 kite shield (worn)
 j - a +0 pair of boots (worn)
   (You found it on level 3 of the Dungeon)
 l - a +0 chain mail (worn)
   (You took it off an orc warrior on level 6 of the Dungeon)
Jewellery
 n - a +3 ring of strength (left hand)
   (You found it on level 4 of the Dungeon)
Wands
 g - a wand of acid (8)
   (You found it on level 6 of the Dungeon)
 v - a wand of digging (13)
   (You found it on level 5 of the Dungeon)
Scrolls
 f - a scroll of enchant armour {unknown}
 r - 2 scrolls of identify
 t - 2 scrolls of teleportation
 x - 2 scrolls of remove curse
Potions
 d - a potion of might
 h - a potion of haste
 i - 5 potions of stabbing {unknown}
 k - a potion of berserk rage
 q - a potion of curing
 w - a potion of heal wounds
Comestibles
 e - 5 rations


   Skills:
 + Level 6.3 Fighting
 * Level 7.8 Axes
 + Level 6.4 Armour
 + Level 6.4 Shields
 + Level 2.5 Invocations


You had 7 spell levels left.
You didn't know any spells.
Your spell library was empty.

Dungeon Overview and Level Annotations

Branches:
Dungeon (7/15)             Temple (1/1) D:5

Altars:
Ashenzari
Cheibriados
Dithmenos
Elyvilon
Fedhas
Gozag
Hepliaklqana
Kikubaaqudgha
Makhleb
Okawaru
Qazlal
Ru
Sif Muna
Trog
Uskayaw
Vehumet
Wu Jian
Xom
Yredelemnul
Zin
The Shining One

Annotations:
D:7 Maggie


Innate Abilities, Weirdness & Mutations

You reflexively headbutt those who attack you in melee.
You have a pair of horns on your head.


Message History

Maggie hits you but does no damage.
You closely miss Maggie. You headbutt Maggie, but do no damage.
Maggie is moderately wounded.
Maggie gestures wildly while chanting.
Maggie attempts to bespell you!
You are mesmerised by Maggie!
Maggie points at you and mumbles some strange words.
The bolt of fire hits you!!
* * * LOW HITPOINT WARNING * * *
You are too injured to fight recklessly!
You are too injured to fight recklessly!
You are too injured to fight recklessly!
You are too injured to fight recklessly!
You are too injured to fight recklessly!
You are too injured to fight recklessly!
You slash Maggie! You headbutt Maggie!
Maggie is severely wounded.
The orc priest calls down the wrath of Beogh upon you.
Beogh smites you!
You die...

#.........
.......####.........
.....o.#....########
......o#.####
.......#.#
.......#.#######
.......#.......#
.......#######.#
......oo@@.#.#.#
.......###...#.#
######. ###.#.# ..
#.#.# ### #...#
#####


You could see Maggie, an orc warrior and an orc priest.

Vanquished Creatures
  An ice beast (D:6)
  An orc warrior (D:6)
  A sky beast (D:5)
  3 ogres
  A centaur (D:5)
  A scorpion (D:4)
  3 killer bees (D:7)
  A crimson imp (D:5)
  A bullfrog zombie (D:5)
  A hound (D:5)
  An orc priest (D:4)
  2 bullfrog skeletons
  3 orc wizards
  An iguana (D:6)
  6 worker ants
  A hound zombie (D:6)
  A worker ant zombie (D:7)
  3 gnolls (D:5)
  An adder (D:4)
  An ooze (D:2)
  An adder skeleton (D:5)
  A worm (D:4)
  A dart slug (D:2)
  2 leopard geckos
  25 orcs
  2 giant cockroaches
  3 goblins (D:3)
  9 jackals
  A kobold (D:3)
  3 quokkas
  A bat (D:2)
  A frilled lizard (D:5)
  A quokka zombie (D:5)
  2 rats (D:3)
87 creatures vanquished.

Vanquished Creatures (others)
  5 dream sheep (D:5)
5 creatures vanquished.

Grand Total: 92 creatures vanquished

Notes
Turn   | Place    | Note
-------+----------+-------------------------------------------
     0 | D:1      | Flugslaktarn the Minotaur Fighter began the quest for the
                  | Orb.
     0 | D:1      | Reached XP level 1. HP: 19/19 MP: 0/0
    46 | D:2      | Reached XP level 2. HP: 27/27 MP: 1/1
   108 | D:3      | Reached skill level 3 in Axes
   112 | D:3      | Reached XP level 3. HP: 31/33 MP: 2/2
   254 | D:4      | Noticed an ogre
   265 | D:4      | Killed an ogre
   265 | D:4      | Reached skill level 4 in Axes
   265 | D:4      | Reached XP level 4. HP: 12/41 MP: 3/3
   265 | D:4      | Reached XP level 5. HP: 14/47 MP: 4/4
   470 | D:5      | Entered Level 5 of the Dungeon
   549 | D:4      | Noticed an ogre
   555 | D:4      | Killed an ogre
   555 | D:4      | Reached skill level 5 in Axes
   555 | D:4      | Reached XP level 6. HP: 28/55 MP: 5/5
  1061 | D:4      | Reached skill level 5 in Armour
  1061 | D:4      | Reached skill level 5 in Shields
  1099 | D:4      | Reached skill level 5 in Fighting
  1446 | D:4      | Found a bloodstained altar of Trog.
  1450 | D:4      | Found a glowing silver altar of Zin.
  1679 | D:5      | Found a staircase to the Ecumenical Temple.
  1725 | D:5      | Reached skill level 6 in Axes
  1732 | D:5      | Reached XP level 7. HP: 54/61 MP: 6/6
  1763 | Temple   | Entered the Ecumenical Temple
  1886 | Temple   | Became a worshipper of Makhleb the Destroyer
  2083 | D:5      | Noticed a dream sheep
  2083 | D:5      | Noticed a dream sheep
  2083 | D:5      | Noticed a dream sheep
  2083 | D:5      | Noticed a dream sheep
  2083 | D:5      | Noticed a dream sheep
  2083 | D:5      | Found a shimmering altar of Xom.
  2088 | D:5      | Killed a dream sheep
  2088 | D:5      | Killed a dream sheep
  2088 | D:5      | Killed a dream sheep
  2089 | D:5      | Killed a dream sheep
  2091 | D:5      | Killed a dream sheep
  2175 | D:5      | Reached skill level 1 in Invocations
  2711 | D:6      | Reached skill level 7 in Axes
  3044 | D:6      | Reached * piety under Makhleb
  3095 | D:6      | Reached XP level 8. HP: 15/70 MP: 8/8
  3934 | D:7      | Noticed Maggie
  3948 | D:7      | Killed from afar by an orc priest

Levels and vault maps discovered:
D:1:      scummos_arrival_simple_crosswalls, layout_basic
D:2:      layout_loops_ring, lemuel_crystal_altar,
          chequers_ecumenical_altar_lobes, minmay_pentomino_o4,
          uniq_crazy_yiuf_cottage
D:3:      layout_basic
D:4:      layout_basic, minitemple
D:5:      layout_rooms, kb_xom_exploding_sheep, minmay_temple_entry_hall,
          first_ration
D:6:      layout_gridville
D:7:      layout_basic, uniq_menkaure, uniq_joseph, uniq_pikel, uniq_maggie
Temple:   regret_index_temple_mists

Skill      XL: |  1  2  3  4  5  6  7  8 |
---------------+-------------------------+-----
Axes           | 3 4 5 6 7 |  7.8
Fighting       | 4 5 6 |  6.3
Armour         | 4 5 6 |  6.4
Shields        | 4 5 6 |  6.4
Invocations    | 2 |  2.5

Action                   |  1- 3 |  4- 6 |  7- 9 || total
-------------------------+-------+-------+-------++-------
Melee: War axe           |    40 |    68 |   115 ||   223
       Headbutt          |     4 |     9 |    23 ||    36
  Use: Potion            |       |     1 |       ||     1
       Scroll            |       |     4 |     5 ||     9
  Eat: Chunk             |       |     3 |     6 ||     9
Armor: Scale mail        |    26 |    22 |    31 ||    79
       Chain mail        |       |       |    26 ||    26
Dodge: Dodged            |    12 |    20 |    39 ||    71
Block: Kite shield       |    30 |    34 |    65 ||   129

Table legend:
 A = Non-vault XP
 B = Vault XP
 C = Vault XP percentage of total XP
 D = Non-vault monster count
 E = Vault monster count
 F = Vault count percentage of total count
                 A         B        C        D         E       F
            +---------+---------+-------+---------+---------+-------
      Total |    1921 |       0 |   0.0 |      87 |       0 |   0.0
            +---------+---------+-------+---------+---------+-------
        D:2 |      12 |       0 |   0.0 |       3 |       0 |   0.0
        D:3 |      73 |       0 |   0.0 |      16 |       0 |   0.0
        D:4 |     483 |       0 |   0.0 |      16 |       0 |   0.0
        D:5 |     503 |       0 |   0.0 |      21 |       0 |   0.0
        D:6 |     621 |       0 |   0.0 |      26 |       0 |   0.0
        D:7 |     229 |       0 |   0.0 |       5 |       0 |   0.0
            +---------+---------+-------+---------+---------+-------
